 Dungeon Crawl Stone Soup version 0.29-a0-106-g0a07039d5a (webtiles) character file.

Game seed: 10462795225389644868

433 YayAnonymity the Insei (level 6, -5/43 HPs)
             Began as a Demonspawn Transmuter on Feb 16, 2022.
             Slain by Pikel (9 damage)
             ... on level 4 of the Dungeon.
             The game lasted 00:07:57 (4711 turns).

YayAnonymity the Insei (Demonspawn Transmuter)      Turns: 4711, Time: 00:07:57

Health: -5/43      AC:  9    Str: 13    XL:     6   Next: 67%
Magic:  9/12       EV: 11    Int: 14    God:
Gold:   148        SH:  0    Dex: 13    Spells: 10/13 levels left

rFire   . . .      SeeInvis +     - Unarmed
rCold   . . .      Faith    .   (no shield)
rNeg    . . .      Spirit   .   s - +0 leather armour
rPois   .          Reflect  .   (helmet currently unavailable)
rElec   .          Harm     .   (no cloak)
rCorr   .          Rampage  .   (no gloves)
Will    .....                   (boots currently unavailable)
Stlth   +.........              (no amulet)
HPRegen 0.14/turn               m - ring of see invisible
MPRegen 0.13/turn               (no ring)

@: appendages, wereblooded, sanguine armoured
A: horns 2, talons 2, foul stench 1, sanguine armour 1
a: End Transformation


You were on level 4 of the Dungeon.
You had temporarily grown beastly horns and talons.
You visited 1 branch of the dungeon, and saw 4 of its levels.

You collected 148 gold pieces.

Inventory:

Hand Weapons
 g - a +1 whip of freezing
Missiles
 b - 85 stones
 t - 6 poisoned darts
Armour
 a - a +0 robe
 l - a +2 hat (melded)
 r - a +0 ring mail
 s - a +0 leather armour (worn)
Magical Staves
 n - a staff of air
Jewellery
 m - a ring of see invisible (left hand)
Scrolls
 c - 2 scrolls of fog {unknown}
 d - a scroll of summoning {unknown}
 f - 2 scrolls of vulnerability {unknown}
 h - 2 scrolls of teleportation {unknown}
 i - a scroll of enchant weapon {unknown}
 j - a scroll of immolation {unknown}
Potions
 e - a potion of flight {unknown}
 k - a potion of magic {unknown}
 o - 2 potions of lignification {unknown}
 p - 3 potions of resistance {unknown}
 q - 2 potions of degeneration {unknown}


   Skills:
 - Level 1.0 Fighting
 - Level 1.7 Dodging
 + Level 4.5 Unarmed Combat
 + Level 4.1 Spellcasting
 + Level 4.0 Transmutations


You had 10 spell levels left.
You knew the following spells:

 Your Spells              Type           Power      Damage    Failure   Level
a - Beastly Appendage     Tmut           28%        N/A       4%          1
b - Wereblood             Tmut           14%        N/A       7%          2

Your spell library contained the following spells:

 Spells                   Type           Power      Damage    Failure   Level
 Animate Skeleton         Necr           4%         N/A       24%         1
 Apportation              Tloc           4%         N/A       24%         1
 Summon Small Mammal      Summ           8%         N/A       24%         1
 Spider Form              Tmut/Pois      8%         N/A       32%         3
 Ignite Poison            Fire/Tmut/Pois 6%         N/A       38%         3
 Conjure Flame            Conj/Fire      2%         6-21      58%         3
 Ice Form                 Ice/Tmut       8%         N/A       71%         4
 Passage of Golubria      Tloc           2%         N/A       94%         4
 Sticky Flame             Conj/Fire      2%         2d3       94%         4
 Silence                  Hex/Air        1%         N/A       100%        5
 Lehudib's Crystal Spear  Conj/Erth      1%         10d2      100%        8


Dungeon Overview and Level Annotations

Branches:
Dungeon (4/15)
 Temple: D:4-7

Altars:

Shops:
D:3 *

Annotations:
D:4 Pikel


Innate Abilities, Weirdness & Mutations

You have temporarily grown beastly horns and talons.
You may rarely emit foul miasma when damaged in melee.
When seriously injured, your blood forms armour. (AC +6)


Message History

You closely miss the lemure. The lemure hits you but does no damage.
You barely miss the lemure. The lemure hits you but does no damage.
The lemure hits you.
You are too injured to fight recklessly!
Casting: Wereblood (safe; 7% risk of failure)
Confirm with . or Enter, or press ? or * to list all spells.
You grow a pair of large bovine horns.
Your feet morph into talons.
Your +2 hat melds into your body.
The lemure hits you but does no damage. The lemure barely misses you.
The lemure hits you but does no damage. The lemure closely misses you.
You are too injured to fight recklessly!
You are too injured to fight recklessly!
You are too injured to fight recklessly!
You closely miss the lemure. You closely miss Pikel.
The lemure hits you but does no damage.
You closely miss Pikel. The lemure hits you.
You emit a cloud of foul miasma!
Pikel closely misses you.
You hit Pikel but do no damage. Your kick misses Pikel. The lemure misses you.
Pikel hits you with a +0 whip of flaming.
Pikel burns you.
* * * LOW HITPOINT WARNING * * *
You closely miss Pikel. The lemure closely misses you.
Pikel closely misses you.
You hit Pikel.
Pikel is lightly wounded.
The lemure hits you but does no damage.
You hit Pikel. Your kick misses Pikel.
Pikel is lightly wounded.
Pikel hits you but does no damage. The lemure completely misses you.
You closely miss Pikel. You claw Pikel.
Pikel is moderately wounded.
Pikel hits you with a +0 whip of flaming.
* * * LOW HITPOINT WARNING * * *
Pikel burns you.
* * * LOW HITPOINT WARNING * * *
The lemure misses you.
You closely miss Pikel. Your kick misses Pikel.
Pikel is moderately wounded.
Pikel hits you with a +0 whip of flaming!
You die...

## .. ..#. #.. #.#
(.#..#.# ... .#..#.#
..# .# #..#.####..#
... #..#.##....
#######.......#
.........>....#
..........##@# #
#.#......##5K5#
###.....)....l55...
.....#.†.#####.......
#....## ...>...
##..#)# .......
.....#.# .......
.####.#.# #######
#.)<#


You could see Pikel, 4 lemures and an iguana.

Vanquished Creatures
  A sky beast (D:3)
  An ogre (D:4)
  Blork the orc (D:4)
  A water moccasin skeleton (D:4)
  A bullfrog zombie (D:3)
  A hound skeleton (D:4)
  3 adders
  2 worms (D:3)
  7 endoplasms
  4 giant cockroaches
  5 goblins
  6 hobgoblins
  3 jackals (D:2)
  A quokka (D:1)
  9 ball pythons
  6 bats
  5 frilled lizards
  8 kobolds
  6 rats
71 creatures vanquished.

Notes
Turn   | Place    | Note
-------+----------+-------------------------------------------
     0 | D:1      | YayAnonymity the Demonspawn Transmuter began the quest for
                  | the Orb.
     0 | D:1      | Reached XP level 1. HP: 15/15 MP: 3/3
   632 | D:1      | Gained mutation: When seriously injured, your blood forms
                  | armour. (AC +6) [demonic ancestry]
   632 | D:1      | Reached XP level 2. HP: 19/21 MP: 3/5
  1402 | D:1      | Learned a level 2 spell: Wereblood
  1588 | D:1      | Found a faded altar of an unknown god.
  1771 | D:2      | Reached XP level 3. HP: 26/26 MP: 4/6
  3290 | D:3      | Reached XP level 4. HP: 31/32 MP: 8/8
  3935 | D:3      | Found Zuacun's Assorted Antiques.
  4077 | D:3      | Noticed a sky beast
  4096 | D:3      | Killed a sky beast
  4097 | D:3      | Gained mutation: You may rarely emit foul miasma when
                  | damaged in melee. [demonic ancestry]
  4097 | D:3      | Reached XP level 5. HP: 11/37 MP: 7/10
  4663 | D:4      | Noticed Blork the orc
  4675 | D:4      | Killed Blork the orc
  4676 | D:4      | Reached XP level 6. HP: 30/43 MP: 8/11
  4698 | D:4      | Noticed Pikel
  4711 | D:4      | Slain by Pikel

Illustrated notes

Levels and vault maps discovered:
D:1:      dpeg_arrival_rhombus, layout_loops_corners,
          shapermc_ecumenical_altar_pompeii
D:2:      layout_basic
D:3:      layout_basic, serial_shops, shop, minmay_misc_feat_five
D:4:      layout_rooms, gammafunk_ghost_split, uniq_crazy_yiuf_cottage,
          uniq_blork_the_orc, uniq_pikel

Skill      XL: |  1  2  3  4  5  6 |
---------------+-------------------+-----
Transmutations | 2 3 4 |  4.0
Unarmed Combat | 3 4 |  4.5
Spellcasting   | 3 4 |  4.1
Fighting       | |  1.0
Dodging        | |  1.7

Action                   |  1- 3 |  4- 6 || total
-------------------------+-------+-------++-------
Melee: Mace              |    24 |       ||    24
       Unarmed           |    99 |   102 ||   201
       Kick              |    24 |    23 ||    47
       Headbutt          |    14 |    18 ||    32
       Punch             |       |     2 ||     2
 Cast: Beastly Appendage |    34 |    12 ||    46
       Wereblood         |     1 |     2 ||     3
 Stab: Sleeping          |     1 |       ||     1
Armor: Robe              |    48 |    16 ||    64
       Leather armour    |       |    14 ||    14
Dodge: Dodged            |   118 |    58 ||   176

Table legend: (Time is in decaauts)
 A = Elapsed time spent in this place.
 B = Non-inter-level travel time spent in this place.
 C = Inter-level travel time spent in this place.
 D = Time resting spent in this place.
 E = Time spent auto-exploring this place.
 F = Levels seen in this place.
 G = Mean time per level.
                   A        B        C        D        E       F      G
               +--------+--------+--------+--------+--------+-----+--------+
         Total |   4710 |   4404 |    306 |     20 |   3702 |   4 | 1177.5 |
       Dungeon |   4710 |   4404 |    306 |     20 |   3702 |   4 | 1177.5 |
               +--------+--------+--------+--------+--------+-----+--------+

Top non-repeatable levels by time:
     D:1: 1847 daAuts
     D:3: 1607 daAuts
     D:2: 1210 daAuts
     D:4: 45 daAuts
